 Dungeon Crawl Stone Soup version 0.19-a0-1111-gcceb26a (webtiles) character file.

46 Leszczynek the Insei (level 3, 4/29 HPs)
             Began as a Mummy Monk on Aug 10, 2016.
             Quit the game on level 2 of the Dungeon.
             The game lasted 00:18:18 (3929 turns).

Leszczynek the Insei (Mummy Monk)                   Turns: 3929, Time: 00:18:19

Health: 4/29       AC:  0    Str: 14    XL:     3   Next: 46%
Magic:  3/3        EV: 10    Int:  9    God:
Gold:   127        SH:  7    Dex: 15    Spells: 0 memorised, 2 levels left

rFire  x . .     SeeInvis .       - Unarmed
rCold  + + .     Gourm    .     (no armour)
rNeg   + + +     Faith    .     f - +0 shield
rPois  ∞         Spirit   .     (no helmet)
rElec  .         Dismiss  .     (no cloak)
rCorr  .         Reflect  .     (no gloves)
SustAt .         Harm     .     (no boots)
MR     .....                    (no amulet)
Stlth  ++........               (no ring)
                                e - ring of protection from cold

@:
A: no food or potions, fire vulnerability, cold resistance 1, negative energy
resistance 3, torment resistance, unbreathing
a: no special abilities


You were on level 2 of the Dungeon.
You were not hungry.

You visited 1 branch of the dungeon, and saw 3 of its levels.

You collected 127 gold pieces.

Inventory:

Armour
 f - a +0 shield (worn)
Jewellery
 e - a ring of protection from cold (left hand)
Scrolls
 a - a scroll of magic mapping
 c - a scroll of recharging
 h - a scroll of enchant armour
Potions
 d - a potion of might (quivered) {unknown}


   Skills:
 - Level 3.0 Fighting
 - Level 2.4 Dodging
 - Level 1.5 Stealth
 + Level 0.5 Shields
 * Level 3.6 Unarmed Combat


You had 2 spell levels left.
You didn't know any spells.

Dungeon Overview and Level Annotations

Branches:
Dungeon (3/15)

Altars:
Qazlal
Xom

Annotations:
D:2 rC+ ring, exclusion: 2 adders
D:3 orcs (flail, trident), exclusions: adder and kobold


Innate Abilities, Weirdness & Mutations

You do not eat or drink.
Your flesh is vulnerable to fire.
You are immune to poison.
Your flesh is cold resistant. (rC+)
You are immune to negative energy. (rN+++)
You are immune to unholy pain and torment.
You can survive without breathing.


Message History

As you read the scroll labeled SAROINYOGO, it crumbles to dust.
You feel strangely unstable.
It was a scroll of teleportation.
The adder barely misses you. The adder bites you. The adder bites you.
Your surroundings seem slightly different.
The adder barely misses you. The orc hits you with a mace.
* * * LOW HITPOINT WARNING * * *
Unknown command.
Okay, then.
Okay, then.
You block the adder's attack.
The orc cheers noisily.
The adder bites you.
* * * LOW HITPOINT WARNING * * *
You block the adder's attack.
As you read the scroll labeled IBLO ELOTUASAT, it crumbles to dust.
It is a scroll of identify.
h - a scroll of enchant armour You block the adder's attack.
You block the orc's attack.
Are you sure you want to abandon this character and quit the game? (Confirm with "yes".)

.....####.....## #####........#
..##..........#####.....#......##
...<####.#######....#####.....!.#
#...............................#
..###..###..##...###............#
### ##...##....###..............#
###.##........w.###........#
#..#.##...o.........#....#
##>......@S..#....#.#....# *
######..................#....#
*###..........####....###..#....#
*#......##......##...## #......##
....######......##..(# #......#
#...######......#..### ##.#...#
...###..............# #)#...#
....................# #.#...#
....................# #.#####


You could see a worm, an adder and an orc.

Vanquished Creatures
  3 giant geckos
  3 orcs (D:3)
  4 bats
  A giant cockroach (D:1)
  5 goblins
  5 hobgoblins
  3 jackals (D:1)
  3 kobolds
  2 giant newts
  10 rats
39 creatures vanquished.

Notes
Turn   | Place    | Note
-------+----------+-------------------------------------------
     0 | D:1      | Leszczynek the Mummy Monk began the quest for the Orb.
     0 | D:1      | Reached XP level 1. HP: 18/18 MP: 1/1
   791 | D:1      | Reached XP level 2. HP: 10/24 MP: 2/2
  1040 | D:1      | Reached skill level 3 in Unarmed Combat
  1796 | D:2      | it really fucking sucks it's a shield, not a buckler
  1882 | D:2      | Found a stormy altar of Qazlal.
  2125 | D:3      | Reached XP level 3. HP: 24/29 MP: 3/3
  2308 | D:3      | you serious
  3033 | D:3      | Found a shimmering altar of Xom.
  3929 | D:2      | Quit the game

Vault maps used:
D:1:      tarquinn_simple_flora_water_d
D:2:      overflow_temple_1_default
D:3:      nicolae_overflow_crystal_walls, first_bread

Skill      XL: |  1  2 |
---------------+-------+-----
Unarmed Combat | 3 |  3.6
Fighting       | |  3.0
Dodging        | |  2.4
Stealth        | |  1.5
Shields        | |  0.5

Action                   || total
-------------------------++-------
Melee: Unarmed           ||   167
  Use: Scroll            ||     4
 Stab: Sleeping          ||     2
Dodge: Dodged            ||    75
Block: Shield            ||    32
